 Dungeon Crawl Stone Soup version 0.30-a0-596-g0af90f9a20 (console) character file.

Game seed: 17307973958112408717

505 Lianjan the Poker (level 7, 0/56 (66) HPs)
             Began as an Ogre Reaver on Jan 6, 2023.
             Splashed by a jelly's acid (8 damage)
             ... on level 4 of the Dungeon.
             The game lasted 00:19:52 (4791 turns).

Lianjan the Poker (Ogre Reaver)                     Turns: 4791, Time: 00:19:52

HP:   0/56 (66)     AC:  3    Str: 17    XL:     7   Next: 18%
MP:   11/11         EV:  9    Int: 16    God:
Gold: 170           SH:  0    Dex:  7    Spells: 10/11 levels left

rFire   . . .      SeeInvis .    a - +0 spear
rCold   . . .      Faith    .    (no shield)
rNeg    . . .      Spirit   .    b - +0 robe
rPois   .          Reflect  .    (helmet restricted)
rElec   .          Harm     .    (no cloak)
rCorr   .          Rampage  .    (gloves unavailable)
Will    .....                    (boots unavailable)
Stlth   +                        (no amulet)
HPRegen 0.29/turn                n - +4 ring of protection
MPRegen 0.12/turn                q - ring of flight

@: mighty, corroded, flying, heavily drained
A: large, unfitting armour, tough skin 1
a: no special abilities


You were on level 4 of the Dungeon.
You visited 1 branch of the dungeon, and saw 4 of its levels.

You collected 170 gold pieces.

Inventory:

Hand Weapons
 a - a +0 spear (weapon)
Missiles
 i - 41 stones
 j - 3 curare-tipped darts
 m - 6 poisoned darts (quivered)
 p - 5 boomerangs
Armour
 b - a +0 robe (worn)
Jewellery
 n - a +4 ring of protection (left hand)
 q - a ring of flight (right hand)
Scrolls
 d - 2 scrolls of acquirement {unknown}
 e - 2 scrolls of identify {unknown}
 f - a scroll of magic mapping {unknown}
 g - a scroll of enchant armour {unknown}
 h - a scroll of poison {unknown}
 o - a scroll of brand weapon {unknown}
 t - a scroll of fear {unknown}
Potions
 c - a potion of magic {unknown}
 k - 3 potions of heal wounds {unknown}
 r - a potion of brilliance {unknown}
 s - 2 potions of lignification {unknown}
 u - a potion of haste {unknown}
 v - a potion of flight {unknown}
 w - a potion of mutation {unknown}


   Skills:
 - Level 2.7 Fighting
 + Level 7.4 Polearms
 - Level 1.7 Dodging
 + Level 2.9 Spellcasting
 + Level 3.4 Conjurations


You had 10 spell levels left.
You knew the following spells:

 Your Spells              Type           Power      Damage    Failure   Level
a - Kiss of Death         Conj/Necr      28%        2d7       10%         1

Your spell library contained the following spells:

 Spells                   Type           Power      Damage    Failure   Level
 Momentum Strike          Conj/Tloc      14%        3d8       14%         2
 Hailstorm                Conj/Ice       7%         3d4       28%         3
 Kindle Blastsparks       Fire/Tloc/Air  4%         2d10      50%         3
 Fulminant Prism          Conj/Hex       3%         3d5       67%         4
 Iskenderun's Mystic Bla  Conj/Tloc      7%         2d4       67%         4
 Animate Armour           Summ/Erth      4%         N/A       88%         4
 Blade Hands              Tmut           1%         N/A       99%         5
 Lee's Rapid Deconstruct  Erth           1%         3d4*      99%         5
 Iron Shot                Conj/Erth      3%         9d2       100%        6


Dungeon Overview and Level Annotations

Branches:
Dungeon (4/15)
 Temple: D:4-7

Altars:


Innate Abilities, Weirdness & Mutations

You are too large for most types of armour.
You have tough skin. (AC +1)


Message History

You feel very mighty all of a sudden. The black bear bites you!
The black bear barely misses you. The black bear closely misses you.
You puncture the black bear!
The black bear is moderately wounded.
The black bear barely misses you.
The black bear claws you but does no damage. x2
You barely miss the black bear.
The black bear is moderately wounded.
A jelly comes into view.
The jelly quivers.
You hit the black bear.
The black bear is moderately wounded.
The black bear closely misses you.
The black bear claws you but does no damage.
The black bear claws you.
You puncture the black bear!
The black bear is severely wounded.
The black bear bites you but does no damage.
The black bear barely misses you. The black bear misses you.
You impale the black bear!!
You kill the black bear!
The jelly hits you.
You are splashed with acid!
Your Polearms skill increases to level 7!
You have reached level 7!
You puncture the jelly! The acid corrodes you!
Your hands burn!
The jelly is moderately wounded.
The jelly hits you but does no damage.
You puncture the jelly!
Your hands burn!
The jelly is heavily wounded.
You puncture the jelly!
Your hands burn!
The jelly is severely wounded.
The jelly hits you.
You are splashed with acid!
* * * LOW HITPOINT WARNING * * *
You puncture the jelly!
Your hands burn!
* * * LOW HITPOINT WARNING * * *
The jelly is almost dead.
The jelly hits you.
* * * LOW HITPOINT WARNING * * *
You are splashed with acid!
You die...

...........#.........
...........# .......
######.##..# ....
######.########.## #
.................# ..
..........†......# .#
##.######..##....#
..# # ######'###
...#.
#........#......
#.......@J....#
##.###.†.#....# #
#(..# ..... .(...#
.... .(....# ...
$($...... ..
##.##..## . #. #..


You could see a jelly.

Vanquished Creatures
  A black bear (D:4)
  An ogre (D:4)
  A scorpion (D:4)
  2 jellies (D:4)
  Jessica (D:1)
  An orc wizard (D:2)
  5 adders
  4 worms
  4 dart slugs
  5 orcs
  12 endoplasms
  5 giant cockroaches
  5 goblins
  6 hobgoblins
  4 jackals (D:4)
  6 kobolds
  A quokka (D:1)
  3 ball pythons
  9 bats
  2 frilled lizards
  15 rats
93 creatures vanquished.

Vanquished Creatures (others)
  2 plants (D:3)
2 creatures vanquished.

Grand Total: 95 creatures vanquished

Notes
Turn   | Place    | Note
-------+----------+-------------------------------------------
     0 | D:1      | Lianjan the Ogre Reaver began the quest for the Orb.
     0 | D:1      | Reached XP level 1. HP: 22/22 MP: 3/3
   187 | D:1      | Reached XP level 2. HP: 29/29 MP: 5/5
   845 | D:1      | Reached XP level 3. HP: 36/36 MP: 6/6
  1139 | D:2      | Noticed Jessica
  1148 | D:1      | Killed Jessica
  1149 | D:1      | Reached skill level 4 in Polearms
  1149 | D:1      | Reached XP level 4. HP: 27/42 MP: 6/8
  1531 | D:2      | Found a faded altar of an unknown god.
  2804 | D:3      | Reached XP level 5. HP: 46/50 MP: 9/9
  2934 | D:2      | Reached skill level 5 in Polearms
  4223 | D:4      | Reached XP level 6. HP: 37/42 MP: 10/10
  4246 | D:4      | Reached skill level 6 in Polearms
  4777 | D:4      | Noticed a black bear
  4787 | D:4      | Killed a black bear
  4788 | D:4      | Reached skill level 7 in Polearms
  4788 | D:4      | Reached XP level 7. HP: 30/56 MP: 11/11
  4791 | D:4      | Splashed by a jelly's acid

Illustrated notes

Levels and vault maps discovered:
D:1:      heliophobic_arrival_ceremonial_halls, layout_basic, serial_curves,
          eino_curves_01, eino_curves_03, eino_curves_01, eino_curves_04,
          nrook_campfire, minmay_rat_gold_closets
D:2:      layout_basic, hellmonk_ecumenical_altar_inner_sanctum, uniq_jessica
D:3:      layout_basic, serial_bayou_pond_b, grunt_decor_resistance
D:4:      layout_gridville

Skill      XL: |  1  2  3  4  5  6 |
---------------+-------------------+-----
Conjurations   | 3 |  3.4
Polearms       | 4 5 7 |  7.4
Fighting       | |  2.7
Dodging        | |  1.7
Spellcasting   | |  2.9

Action                   |  1- 3 |  4- 6 |  7- 9 || total
-------------------------+-------+-------+-------++-------
Melee: Spear             |    86 |   360 |     4 ||   450
       Punch             |       |     5 |       ||     5
Throw: Dart              |    12 |    43 |       ||    55
       Stone             |       |     1 |       ||     1
 Cast: Kiss of Death     |     1 |     5 |       ||     6
  Use: Potion            |       |     1 |       ||     1
 Stab: Sleeping          |     1 |       |       ||     1
Armor: Robe              |    15 |   118 |     1 ||   134
Dodge: Dodged            |    36 |   131 |       ||   167

Table legend: (Time is in decaauts)
 A = Elapsed time spent in this place.
 B = Non-inter-level travel time spent in this place.
 C = Inter-level travel time spent in this place.
 D = Time resting spent in this place.
 E = Time spent auto-exploring this place.
 F = Levels seen in this place.
 G = Mean time per level.
                   A        B        C        D        E       F      G
               +--------+--------+--------+--------+--------+-----+--------+
         Total |   4732 |   4647 |     85 |   1150 |   2572 |   4 | 1183.0 |
       Dungeon |   4732 |   4647 |     85 |   1150 |   2572 |   4 | 1183.0 |
               +--------+--------+--------+--------+--------+-----+--------+

Top non-repeatable levels by time:
     D:1: 1238 daAuts
     D:2: 1235 daAuts
     D:3: 1159 daAuts
     D:4: 1099 daAuts
